 Dungeon Crawl Stone Soup version 0.21-a0-521-g1cd18d1 (webtiles) character file.

184 Gerstahl the Chopper (level 5, -1/47 HPs)
             Began as a Draconian Gladiator on Dec 5, 2017.
             Slain by an ogre
             ... wielding a +0 giant club
              (23 damage)
             ... on level 4 of the Dungeon.
             The game lasted 00:04:34 (2935 turns).

Gerstahl the Chopper (Draconian Gladiator)          Turns: 2935, Time: 00:04:35

Health: -1/47      AC:  5    Str: 17    XL:     5   Next: 36%
Magic:  5/5        EV: 13    Int:  8    God:
Gold:   183        SH:  0    Dex: 13    Spells: 4/4 levels left

rFire    . . .     SeeInvis .   a - +0 war axe
rCold    . . .     Gourm    .   (no shield)
rNeg     . . .     Faith    .   (armour unavailable)
rPois    .         Spirit   .   b - +0 hat
rElec    .         Reflect  .   (no cloak)
rCorr    .         Harm     .   (no gloves)
MR       .....                  (no boots)
Stlth    +.........             (no amulet)
HPRegen  0.15/turn              (no ring)
MPRegen  0.09/turn              (no ring)

@: no status effects
A: unfitting armour, cold-blooded, AC +5
a: no special abilities


You were on level 4 of the Dungeon.
You were hungry.

You visited 1 branch of the dungeon, and saw 4 of its levels.

You collected 183 gold pieces.

Inventory:

Hand Weapons
 a - a +0 war axe (weapon)
Armour
 b - a +0 hat (worn)
 s - a +0 pair of gloves
Scrolls
 e - a scroll of fear {unknown}
 g - 4 scrolls of identify {unknown}
 i - 2 scrolls of noise {unknown}
 k - 2 scrolls of magic mapping {unknown}
 n - a scroll of immolation {unknown}
 o - 4 scrolls of remove curse {unknown}
 p - a scroll of random uselessness {unknown}
 q - a scroll of amnesia {unknown}
Potions
 f - a potion of agility {unknown}
 h - a potion of degeneration {unknown}
 j - a potion of lignification {unknown}
 m - a potion of mutation {unknown}
 t - a potion of curing {unknown}
Comestibles
 d - 2 bread rations
 l - 3 meat rations
 r - a royal jelly


   Skills:
 + Level 4.6 Fighting
 + Level 4.8 Axes
 - Level 1.7 Throwing
 - Level 2.6 Dodging


You had 4 spell levels left.
You didn't know any spells.

Dungeon Overview and Level Annotations

Branches:
Dungeon (4/15)
 Temple: D:4-7

Altars:
Trog
Xom


Innate Abilities, Weirdness & Mutations

Your plain brown scales are hard. (AC +5)
You cannot fit into any form of body armour.
You are cold-blooded and may be slowed by cold attacks.


Message History

Press: ? - help, Shift-Dir - straight line, f/p - ogre
Aim: an ogre, wielding a giant club You throw a throwing net.
The throwing net barely misses the ogre.
Throwing (i - inventory):
c - a throwing net (quivered)
Press: ? - help, Shift-Dir - straight line, f/p - ogre
Aim: an ogre, wielding a giant club You throw a throwing net.
The throwing net barely misses the ogre.
The ogre barely misses you.
You slash the ogre!
The ogre is moderately wounded.
The ogre misses you.
You slash the ogre!
The ogre is severely wounded.
The ogre hits you with a giant club!
You hit the ogre.
The ogre is almost dead.
The ogre hits you with a giant club!!
You die...

#### #... ..#
############.# ..
.[........#..# ...
....(.†<..O@# ...
..........######.###
..............#.....
...........O........
..............?.....
....................
.........$..........
........)...........
...................


You could see an ogre.

Vanquished Creatures
  4 gnolls (D:2)
  7 adders
  An adder skeleton (D:4)
  2 worms
  A dart slug (D:1)
  3 leopard geckos
  An orc (D:3)
  9 bats
  5 giant cockroaches
  3 goblins
  8 hobgoblins
  9 jackals
  5 kobolds
  A quokka (D:2)
  A ball python (D:1)
  4 frilled lizards
  6 rats (D:1)
70 creatures vanquished.

Notes
Turn   | Place    | Note
-------+----------+-------------------------------------------
     0 | D:1      | Gerstahl the Draconian Gladiator began the quest for the Orb.
     0 | D:1      | Reached XP level 1. HP: 17/17 MP: 1/1
    95 | D:1      | Reached XP level 2. HP: 21/25 MP: 2/2
   602 | D:2      | Reached XP level 3. HP: 21/31 MP: 3/3
  1221 | D:2      | Reached XP level 4. HP: 26/40 MP: 4/4
  1977 | D:3      | Found a bloodstained altar of Trog.
  1977 | D:3      | Found a shimmering altar of Xom.
  2330 | D:3      | HP: 1/40 [gnoll/club (10)]
  2334 | D:2      | Reached XP level 5. HP: 20/47 MP: 5/5
  2917 | D:4      | Noticed an ogre
  2935 | D:4      | Slain by an ogre

Vault maps used:
D:1:      dpeg_arrival_short_road, serial_bayou_pond_b, minmay_misc_feat_cross,
          st_stairs_5
D:2:      first_bread
D:3:      grunt_temple_overflow_open
D:4:      nicolae_ru_path_of_blood

Skill      XL: |  1  2  3  4 |
---------------+-------------+-----
Fighting       | 3 4 |  4.6
Axes           | 4 |  4.8
Throwing       | |  1.7
Dodging        | |  2.6

Action                   |  1- 3 |  4- 6 || total
-------------------------+-------+-------++-------
Melee: War axe           |   125 |    98 ||   223
       Tailslap          |    12 |    19 ||    31
Throw: Throwing net      |       |     3 ||     3
  Use: Potion            |       |     1 ||     1
 Stab: Sleeping          |     4 |     1 ||     5
  Eat: Chunk             |     1 |     4 ||     5
       Fruit             |       |     1 ||     1
Armor: Skin              |    48 |    44 ||    92
Dodge: Dodged            |   120 |   109 ||   229

Table legend:
 A = Spawn XP
 B = Non-spawn XP
 C = Spawn XP percentage of total XP
 D = Spawn monster count
 E = Non-spawn monster count
 F = Spawn count percentage of total count
 G = Total turns spent on level
                    A         B        C        D         E        F      G
               +---------+---------+-------+---------+---------+-------+---------
         Total |       0 |     264 |   0.0 |       0 |      70 |   0.0 |  2935
               +---------+---------+-------+---------+---------+-------+---------
           D:1 |       0 |      38 |   0.0 |       0 |      23 |   0.0 |   502
           D:2 |       0 |     141 |   0.0 |       0 |      23 |   0.0 |  1658
           D:3 |       0 |      78 |   0.0 |       0 |      22 |   0.0 |   747
           D:4 |       0 |       7 |   0.0 |       0 |       2 |   0.0 |    28
               +---------+---------+-------+---------+---------+-------+---------
